 Dungeon Crawl Stone Soup version 0.31-a0-152-g6aa68a64a1 (webtiles) character file.

Game seed: 7116209050731819526

500 rapeowns the Trooper (level 7, -5/62 HPs)
             Began as a Hill Orc Fighter on June 10, 2023.
             Was an Initiate of Nemelex Xobeh.
             Slain by a fire elemental (11 damage)
             ... created by the fiery vengeance of Ignis
             ... on level 5 of the Dungeon.
             The game lasted 00:04:25 (3344 turns).

rapeowns the Trooper (Hill Orc Fighter)             Turns: 3344, Time: 00:04:26

Health: -5/62      AC:  7    Str: 21    XL:     7   Next: 16%
Magic:  8/9        EV:  9    Int: 14    God:    Nemelex Xobeh [......]
Gold:   179        SH:  0    Dex: 10    Spells: 5/6 levels left

rFire   . . .        x - +0 battleaxe
rCold   . . .        (shield currently unavailable)
rNeg    . . .        b - +0 scale mail
rPois   .            (no helmet)
rElec   .            (no cloak)
rCorr   .            (no gloves)
SInv    .            (no boots)
Will    .....        s - amulet of regeneration Stlth
                     e - +6 ring of intelligence
HPRegen 1.10/turn    (no ring)
MPRegen 0.11/turn

%: no passive effects
@: mighty, silenced, fire susceptible
A: no striking features
a: Renounce Religion


You were on level 5 of the Dungeon.
You worshipped Nemelex Xobeh.
Nemelex Xobeh was noncommittal.
You visited 1 branch of the dungeon, and saw 5 of its levels.

You collected 179 gold pieces.

Inventory:

Hand Weapons
 x - a +0 battleaxe (weapon)
Armour
 b - a +0 scale mail (worn)
Jewellery
 e - a +6 ring of intelligence (left hand)
 s - an amulet of regeneration (around neck)
 u - a ring of positive energy
Wands
 r - a wand of charming (12)
Scrolls
 i - a scroll of blinking {unknown}
 j - a scroll of immolation
 k - 2 scrolls of brand weapon {unknown}
 l - a scroll of magic mapping {unknown}
 n - 2 scrolls of vulnerability {unknown}
 o - 2 scrolls of identify {unknown}
 p - a scroll of teleportation {unknown}
 v - a scroll of fog {unknown}
Potions
 g - a potion of haste {unknown}
 h - 2 potions of attraction {unknown}
 m - a potion of magic {unknown}
 q - 2 potions of brilliance {unknown}
 t - a potion of mutation {unknown}
 w - a potion of heal wounds {unknown}


   Skills:
 + Level 5.8 Fighting
 + Level 5.6 Axes
 - Level 4.6 Armour
 - Level 4.6 Shields
 + Level 2.9 Invocations


You had 5 spell levels left.
You knew the following spells:

 Your Spells              Type           Power      Damage    Failure   Level
a - Apportation           Tloc           0%         N/A       58%         1

Your spell library contained the following spells:

 Spells                   Type           Power      Damage    Failure   Level
 Alistair's Intoxication  Tmut/Pois      0%         N/A       100%        5


Dungeon Overview and Level Annotations

Branches:
Dungeon (5/15)
 Temple: D:4-7

Altars:
Elyvilon
Nemelex Xobeh
Ignis


Message History

Unknown command.
Unknown command.
Okay, then.
Okay, then.
As you read the scroll labelled OMIMUN JEYMASCH, it crumbles to dust.
A profound silence engulfs you.
It was a scroll of silence.
Magic scrolls do not work when you're silenced!
Unknown command.
You feel very mighty all of a sudden. The fire elemental closely misses you.
You hit the fire elemental.
The fire elemental is lightly damaged.
You closely miss the fire elemental. The fire elemental hits you.
The fire elemental burns you! The fire elemental hits you.
The fire elemental burns you! The fire elemental hits you.
The fire elemental burns you! The fire elemental hits you.
The fire elemental burns you!
You barely miss the fire elemental.
The fire elemental is lightly damaged.
You barely miss the fire elemental. The fire elemental hits you.
The fire elemental burns you!
* * * LOW HITPOINT WARNING * * *
The fire elemental barely misses you.
Unknown command.
Unknown command.
You closely miss the fire elemental.
The fire elemental is lightly damaged.
You hit the fire elemental. The fire elemental closely misses you.
The fire elemental hits you. The fire elemental burns you!
* * * LOW HITPOINT WARNING * * *
The fire elemental barely misses you. The fire elemental hits you.
The fire elemental burns you!
* * * LOW HITPOINT WARNING * * *
Unknown command.
You closely miss the fire elemental.
The fire elemental is lightly damaged.
You barely miss the fire elemental. The fire elemental hits you.
The fire elemental burns you!
You die...
Your body disappears without a glow.

#........#........
#........#...(....
#........'........
#........#........
##.......#......#'
####+###.......#......#.
.......#.......#......#.
.......#E......#......#.
......E@.......#......#.
##....)#.......#......#.
#....##....##.#......#.
#+### #....##.#########
... #....#.........#
.... #....+.........#
..... #....#.........#
......##########'##.##
..............<...###


You could see 2 fire elementals.

Vanquished Creatures
  Edmund (D:5)
  A centaur (D:5)
  A jelly (D:5)
  An orc priest (D:4)
  An iguana (D:4)
  2 orc wizards
  7 gnolls
  4 adders
  3 worms
  2 dart slugs
  8 orcs
  4 bats
  5 endoplasms
  2 giant cockroaches (D:2)
  8 goblins
  6 hobgoblins
  4 jackals (D:1)
  4 kobolds
  2 quokkas
  A ball python (D:2)
  3 rats
70 creatures vanquished.

Vanquished Creatures (others)
  11 foxfires (D:4)
11 creatures vanquished.

Grand Total: 81 creatures vanquished

Notes
Turn   | Place    | Note
-------+----------+-------------------------------------------
     0 | D:1      | rapeowns the Hill Orc Fighter began the quest for the Orb.
     0 | D:1      | Reached XP level 1. HP: 19/19 MP: 1/1
    99 | D:1      | Reached XP level 2. HP: 21/27 MP: 2/2
   416 | D:1      | Found a faded altar of an unknown god.
   577 | D:1      | Prayed at the altar of an unknown god.
   577 | D:1      | Became a worshipper of Ignis, the Dying Flame
   839 | D:1      | Reached XP level 3. HP: 33/33 MP: 3/3
  1043 | D:2      | Reached XP level 4. HP: 9/40 MP: 4/4
  1163 | D:2      | Learned a level 1 spell: Apportation
  1876 | D:3      | Reached XP level 5. HP: 46/47 MP: 5/5
  2038 | D:3      | Found a sparkling altar of Nemelex Xobeh.
  2275 | D:4      | Reached skill level 5 in Fighting
  2275 | D:4      | Reached XP level 6. HP: 37/56 MP: 6/6
  2304 | D:4      | Found a white marble altar of Elyvilon.
  2427 | D:3      | Fell from the grace of Ignis
  2427 | D:3      | Became a worshipper of Nemelex Xobeh the Trickster
  3134 | D:5      | Entered Level 5 of the Dungeon
  3161 | D:5      | Reached skill level 1 in Invocations
  3232 | D:5      | Reached skill level 5 in Axes
  3245 | D:5      | Noticed Edmund
  3255 | D:5      | Killed Edmund
  3336 | D:5      | Reached XP level 7. HP: 54/62 MP: 7/9
  3339 | D:5      | Noticed a fire elemental
  3339 | D:5      | Noticed a fire elemental
  3344 | D:5      | Slain by a fire elemental

Illustrated notes

Levels and vault maps discovered:
D:1:      psy_arrival_spokes, layout_basic, hellmonk_ecumenical_altar_blasted,
          nicolae_concentric_dashed_squares_mild,
          chequers_serial_rivers_small_3, minmay_misc_feat_enclosed
D:2:      wad_crossroads, layout_rooms, basic_altar, interstate_on_off
D:3:      layout_basic, mainiacjoe_overflow_alcove_2
D:4:      layout_basic, mainiacjoe_overflow_24_doors, serial_rivers,
          chequers_serial_rivers_micro_a, chequers_serial_rivers_micro_e,
          chequers_serial_rivers_micro_c, chequers_serial_rivers_room_a,
          chequers_serial_rivers_micro_a
D:5:      layout_gridville, uniq_edmund

Skill      XL: |  1  2  3  4  5  6 |
---------------+-------------------+-----
Axes           | 3 4 5 |  5.6
Fighting       | 4 5 |  5.8
Shields        | 4 |  4.6
Armour         | 4 |  4.6
Invocations    | 2 |  2.9

Action                     |  1- 3 |  4- 6 |  7- 9 || total
---------------------------+-------+-------+-------++-------
  Melee: War axe           |    68 |   115 |       ||   183
         Battleaxe         |       |    29 |     4 ||    33
 Invoke: Fiery Armour      |     1 |     2 |       ||     3
         Foxfire Swarm     |       |     1 |       ||     1
    Use: Potion            |       |     2 |     1 ||     3
         Scroll            |       |       |     1 ||     1
 Armour: Scale mail        |    37 |    58 |     8 ||   103
  Dodge: Dodged            |    35 |    68 |     4 ||   107
  Block: Buckler           |    13 |    25 |       ||    38

Table legend: (Time is in decaauts)
 A = Elapsed time spent in this place.
 B = Non-inter-level travel time spent in this place.
 C = Inter-level travel time spent in this place.
 D = Time resting spent in this place.
 E = Time spent auto-exploring this place.
 F = Levels seen in this place.
 G = Mean time per level.
                   A        B        C        D        E       F      G
               +--------+--------+--------+--------+--------+-----+--------+
         Total |   3425 |   3158 |    267 |      0 |   2627 |   5 |  685.0 |
       Dungeon |   3425 |   3158 |    267 |      0 |   2627 |   5 |  685.0 |
               +--------+--------+--------+--------+--------+-----+--------+

Top non-repeatable levels by time:
     D:1: 1010 daAuts
     D:4: 966 daAuts
     D:3: 700 daAuts
     D:2: 524 daAuts
     D:5: 223 daAuts
